 Dungeon Crawl Stone Soup version 0.19-a0-805-g0a78ef0 (webtiles) character file.

375 4thArraOfDagon the Insei (level 6, -1/28 HPs)
             Began as a Vine Stalker Wizard on June 27, 2016.
             Slain by a worker ant (2 damage)
             ... on level 5 of the Dungeon.
             The game lasted 00:06:04 (1423 turns).

4thArraOfDagon the Insei (Vine Stalker Wizard)      Turns: 1423, Time: 00:06:04

Health: -1/28      AC:  8    Str:  9    XL:     6   Next: 73%
Magic:  0/11       EV: 10    Int: 20    God:
Gold:   223        SH:  0    Dex: 13    Spells: 3 memorised, 6 levels left

rFire  . . .     SeeInvis .       - Unarmed
rCold  . . .     Gourm    .     l - +0 ring mail
rNeg   . . .     Faith    .     (no shield)
rPois  +         Spirit   +     p - +1 hat
rElec  .         Dismiss  .     o - +0 cloak
rCorr  .         Reflect  .     n - +0 pair of gloves
SustAt .         Harm     .     (no boots)
MR     .....                    (no amulet)
Stlth  +.........               (no ring)
                                i - ring of poison resistance

@: repel missiles, not resistant to hostile enchantments, very unstealthy
A: fangs 2, regeneration 2, magic shield, antimagic bite, no device heal 3, rot
immunity
a: no special abilities


You were on level 5 of the Dungeon.
You were not hungry.

You visited 1 branch of the dungeon, and saw 5 of its levels.

You collected 223 gold pieces.

Inventory:

Hand Weapons
 j - a +0 scythe
Armour
 a - a +0 robe
 b - a +0 hat
 l - a +0 ring mail (worn)
 m - a +0 scale mail
 n - a +0 pair of gloves (worn)
 o - a +0 cloak (worn)
 p - a +1 hat (worn)
Jewellery
 i - a ring of poison resistance (left hand)
Wands
 h - a wand of random effects (16/48)
Scrolls
 e - 4 scrolls of remove curse
Potions
 k - a potion of flight
 s - a potion of cancellation
Books
 c - a book of Minor Magic

   Spells                             Type                      Level
   a - Magic Dart                     Conjuration                  1
   b - Blink                          Translocation                2
   c - Call Imp                       Summoning                    2
   d - Repel Missiles                 Charms/Air                   2
   e - Slow                           Hexes                        2
   f - Conjure Flame                  Conjuration/Fire             3
   g - Mephitic Cloud                 Conjuration/Poison/Air       3
Comestibles
 d - 3 bread rations
 f - 3 meat rations
 g - a beef jerky
 q - a fruit
 r - 2 chunks of flesh


   Skills:
 - Level 1.5 Dodging
 - Level 2.4 Stealth
 * Level 6.5 Unarmed Combat
 - Level 3.2 Spellcasting
 - Level 1.0 Conjurations
   Level 1.0 Summonings
 - Level 1.0 Translocations


You had 6 spell levels left.
You knew the following spells:

 Your Spells              Type           Power        Failure   Level  Hunger
a - Magic Dart            Conj           #...         30%         1    None
b - Repel Missiles        Chrm/Air       #.....       69%         2    ##.....
c - Blink                 Tloc           N/A          43%         2    ##.....


Dungeon Overview and Level Annotations

Branches:
Dungeon (5/15)
 Temple: D:4-7

Altars:
Yredelemnul


Innate Abilities, Weirdness & Mutations

You have extremely sharp teeth.
You heal very quickly.
When hurt, damage is shared between your health and your magic reserves.
Your bite disrupts and absorbs the magic of your enemies.
Potions and wands cannot restore your health.
You are immune to rotting.


Message History

* * * LOW HITPOINT WARNING * * *
Unknown command.
Unknown command.
Unknown command.
You hit the worker ant.
The worker ant is moderately wounded.
The worker ant bites you but does no damage.
Unknown command.
Your ring mail prevents you from hitting the worker ant.
You bite the worker ant. You drain its power.
You feel invigorated.
The worker ant is moderately wounded.
The worker ant bites you.
* * * LOW HITPOINT WARNING * * *
Unknown command.
Unknown command.
Unknown command.
You hit the worker ant.
The worker ant is heavily wounded.
The worker ant bites you.
You die...

###########
.......@ao#
#########o#
#.#
#########h###
.......<....#
............#
............#
...>.....oo.#
............#


You could see a worker ant, an orc priest and an orc.

Vanquished Creatures
  Sigmund (D:3)
  A sky beast (D:4)
  A howler monkey (D:5)
  3 adders
  An adder skeleton (D:4)
  2 worms (D:2)
  2 giant geckos
  3 orcs (D:3)
  A ball python (D:4)
  3 giant cockroaches
  5 goblins
  3 hobgoblins
  4 jackals (D:1)
  5 bats
  3 giant newts
  10 kobolds
  4 rats
  A fungus (D:4)
53 creatures vanquished.

Vanquished Creatures (others)
  A fungus (D:4)
1 creature vanquished.

Grand Total: 54 creatures vanquished

Notes
Turn   | Place    | Note
--------------------------------------------------------------
     0 | D:1      | 4thArraOfDagon the Vine Stalker Wizard began the quest for the Orb.
     0 | D:1      | Reached XP level 1. HP: 9/9 MP: 5/5
     0 | D:1      | last combo on list
    25 | D:1      | Reached skill level 1 in Unarmed Combat
    88 | D:1      | Reached XP level 2. HP: 13/13 MP: 7/7
   163 | D:1      | Reached skill level 2 in Unarmed Combat
   428 | D:1      | Reached XP level 3. HP: 16/16 MP: 8/8
   565 | D:2      | Reached skill level 3 in Unarmed Combat
   631 | D:2      | Learned a level 2 spell: Repel Missiles
   634 | D:2      | Learned a level 2 spell: Blink
   722 | D:2      | Found a basalt altar of Yredelemnul.
   804 | D:2      | Reached XP level 4. HP: 17/21 MP: 6/9
  1089 | D:3      | Noticed Sigmund
  1157 | D:3      | Killed Sigmund
  1157 | D:3      | Reached skill level 5 in Unarmed Combat
  1157 | D:3      | Reached XP level 5. HP: 24/24 MP: 6/10
  1157 | D:3      | Gained mutation: You heal very quickly. [Vine Stalker growth]
  1157 | D:3      | Reached XP level 6. HP: 28/28 MP: 6/11
  1349 | D:4      | Noticed a sky beast
  1362 | D:4      | Killed a sky beast
  1362 | D:4      | Reached skill level 6 in Unarmed Combat
  1398 | D:5      | Entered Level 5 of the Dungeon
  1422 | D:5      | HP: 1/28 [worker ant (2)]
  1423 | D:5      | Slain by a worker ant

Vault maps used:
D:1:      minmay_arrival_shattered_statue
D:2:      yredelemnul_altar_generic
D:3:      first_bread, uniq_sigmund, uniq_grinder
D:4:      minmay_gold_behind_fungi, uniq_pikel
D:5:      uniq_duvessa

Skill      XL: |  1  2  3  4  5  6 |
---------------+-------------------+-----
Unarmed Combat | 1 2 3 5 6 |  6.5
Dodging        | |  1.5
Stealth        | |  2.4
Spellcasting   | |  3.2
Conjurations   | |  1.0
Summonings     | |  1.0
Translocations | |  1.0

Action                   |  1- 3 |  4- 6 || total
-------------------------+-------+-------++-------
Melee: Unarmed           |   169 |    82 ||   251
       Bite              |    34 |    17 ||    51
       Punch             |       |     1 ||     1
 Cast: Repel Missiles    |     1 |     1 ||     2
  Use: Potion            |       |     6 ||     6
       Scroll            |       |     4 ||     4
 Stab: Sleeping          |     2 |     2 ||     4
  Eat: Chunk             |       |     2 ||     2
Armor: Robe              |    28 |     5 ||    33
       Skin              |       |    17 ||    17
       Ring mail         |       |    11 ||    11
Dodge: Dodged            |   106 |    30 ||   136
